 Dungeon Crawl Stone Soup version 0.24.0-10-g970556be89 (webtiles) character file.

Game seed: 10746009261980010807, levelgen mode: deterministic

9 Inarius the Grave Robber (level 2, -1/17 HPs)
             Began as a Halfling Necromancer on Nov 3, 2019.
             Slain by a rat (2 damage)
             ... on level 1 of the Dungeon.
             The game lasted 00:01:03 (633 turns).

Inarius the Grave Robber (Halfling Necromancer)      Turns: 633, Time: 00:01:05

Health: -1/17      AC:  2    Str:  9    XL:     2   Next: 20%
Magic:  4/4        EV: 15    Int: 13    God:
Gold:   0          SH:  0    Dex: 14    Spells: 3/4 levels left

rFire    . . .     SeeInvis .   d - +2 dagger (venom)
rCold    + . .     Gourm    .   (shield restricted)
rNeg     . . .     Faith    .   b - +0 robe {rC+}
rPois    .         Spirit   .   (no helmet)
rElec    .         Reflect  .   (no cloak)
rCorr    .         Harm     .   (no gloves)
MR       .....                  (no boots)
Stlth    ++........             (no amulet)
HPRegen  0.05/turn              (no ring)
MPRegen  0.09/turn              (no ring)

@: no status effects
A: small, mutation resistance 1
a: no special abilities


You were on level 1 of the Dungeon.
You were not hungry.

You visited 1 branch of the dungeon, and saw 1 of its levels.

Inventory:

Hand Weapons
 a - a +0 dagger
 d - a +2 dagger of venom (weapon)
Armour
 b - a +0 robe of cold resistance (worn)
Comestibles
 c - a ration


   Skills:
 + Level 0.1 Fighting
 * Level 1.3 Short Blades
 + Level 2.4 Dodging
 + Level 2.4 Stealth
 - Level 1.5 Spellcasting
 - Level 3.2 Necromancy


You had 3 spell levels left.
You knew the following spells:

 Your Spells              Type           Power        Failure   Level  Hunger
a - Pain                  Necr           #...         7%          1    ##.....

Your spell library contained the following spells:

 Spells                   Type           Power        Failure   Level  Hunger
 Animate Skeleton         Necr           N/A          7%          1    ##.....
 Vampiric Draining        Necr           #.........   22%         3    ####...
 Regeneration             Chrm/Necr      #.........   38%         3    ####...
 Animate Dead             Necr           N/A          56%         4    #####..


Dungeon Overview and Level Annotations

Branches:
Dungeon (1/15)

Altars:


Innate Abilities, Weirdness & Mutations

You are small and have problems with some larger weapons.
You are somewhat resistant to further mutation.


Message History

The hobgoblin is severely wounded.
You kill the hobgoblin!
The leopard gecko closely misses you. The goblin barely misses you.
The leopard gecko barely misses you.
You hit the leopard gecko.
The leopard gecko is poisoned.
The leopard gecko is severely wounded.
The goblin completely misses you. The leopard gecko misses you.
You closely miss the leopard gecko.
The leopard gecko is almost dead.
The goblin hits you but does no damage. The leopard gecko misses you.
You barely miss the leopard gecko.
The leopard gecko is almost dead.
The goblin hits you with a +0 club. The leopard gecko bites you.
You closely miss the leopard gecko.
The leopard gecko is almost dead.
The rat barely misses you. The leopard gecko bites you.
The goblin hits you with a +0 club.
* * * LOW HITPOINT WARNING * * *
The rat bites you.
You die...

.###)# ##..≈#>...8#
..##)# ###≈#######
..##.# ≈≈≈ ≈
..##.###### ######.#
..##......####....#.##
......................
..#######.###...#..#
..#######.##.....).#
....((...)....gr@..#
...(.........>.rlg.#
#########.###......#
#.# ####..... #.#
..%..... #.# #..#.....
.#. #..##...# # # #..#
#.##


You could see a leopard gecko, a hobgoblin, a goblin and 2 rats.

Vanquished Creatures
  A giant cockroach (D:1)
  A goblin (D:1)
  A hobgoblin (D:1)
  4 kobolds (D:1)
7 creatures vanquished.

Notes
Turn   | Place    | Note
-------+----------+-------------------------------------------
     0 | D:1      | Inarius the Halfling Necromancer began the quest for the
                  | Orb.
     0 | D:1      | Reached XP level 1. HP: 11/11 MP: 3/3
   588 | D:1      | Reached skill level 1 in Short Blades
   588 | D:1      | Reached XP level 2. HP: 8/17 MP: 2/4
   633 | D:1      | Slain by a rat

Levels and vault maps discovered:
D:1:      saegor_arrival_fortress, layout_loops_ring

Skill      XL: |  1 |
---------------+----+-----
Short Blades   | 1 |  1.3
Fighting       | |  0.1
Dodging        | |  2.4
Stealth        | |  2.4
Spellcasting   | |  1.5
Necromancy     | |  3.2

Action                   || total
-------------------------++-------
Melee: Dagger            ||    29
       Unarmed           ||     1
 Cast: Pain              ||     8
  Use: Potion            ||     1
 Stab: Sleeping          ||     1
Armor: Robe              ||     4
Dodge: Dodged            ||    38
